 Dungeon Crawl Stone Soup version 0.24-a0-584-g9d6b971ae4 (webtiles) character file.

Game seed: 17734047781873723297, levelgen mode: deterministic

50 EnegeticOcto the Stinger (level 4, 28/30 HPs)
             Began as a Human Venom Mage on Sept 2, 2019.
             Quit the game on level 2 of the Dungeon.
             The game lasted 00:03:08 (2387 turns).

EnegeticOcto the Stinger (Human Venom Mage)         Turns: 2387, Time: 00:03:09

Health: 28/30      AC:  5    Str:  8    XL:     4   Next: 4%
Magic:  0/7        EV: 10    Int: 17    God:
Gold:   60         SH:  0    Dex: 13    Spells: 4/7 levels left

rFire    . . .     SeeInvis .   f - +0 spear
rCold    . . .     Gourm    .   (no shield)
rNeg     . . .     Faith    .   j - +0 ring mail (curse)
rPois    .         Spirit   +   (no helmet)
rElec    .         Reflect  .   b - scarf {Spirit}
rCorr    .         Harm     .   (no gloves)
MR       .....                  (no boots)
Stlth    +.........             (no amulet)
HPRegen  0.10/turn              (no ring)
MPRegen  0.10/turn              (no ring)

@: very slightly contaminated
A: no striking features
a: no special abilities


You were on level 2 of the Dungeon.
You were not hungry.

You visited 1 branch of the dungeon, and saw 2 of its levels.

You collected 60 gold pieces.

Inventory:

Hand Weapons
 f - a +0 spear (weapon)
Armour
 a - a +0 robe
 b - a scarf of spirit shield (worn)
 j - a cursed +0 ring mail (worn)
Scrolls
 c - a scroll of blinking {@r4}
 d - a scroll of enchant weapon {unknown}
 g - a scroll of remove curse {unknown}
 h - a scroll of teleportation {unknown}
 i - a scroll of enchant armour {unknown}
Comestibles
 e - 4 rations


   Skills:
 - Level 2.0 Dodging
 - Level 2.0 Stealth
 - Level 2.0 Spellcasting
 - Level 1.0 Conjurations
 + Level 4.6 Poison Magic


You had 4 spell levels left.
You knew the following spells:

 Your Spells              Type           Power        Failure   Level  Hunger
a - Sting                 Conj/Pois      ##..         19%         1    #......
b - Poisonous Vapours     Pois/Air       #.....       34%         2    ###....

Your spell library contained the following spells:

 Spells                   Type           Power        Failure   Level  Hunger
 Mephitic Cloud           Conj/Pois/Air  #.......     63%         3    ###....
 Olgreb's Toxic Radiance  Pois           ###.....     65%         4    #####..
 Venom Bolt               Conj/Pois      ##........   99%         5    ######.


Dungeon Overview and Level Annotations

Branches:
Dungeon (2/15)

Altars:
Hepliaklqana


Message History

Found a robe.
A bat comes into view.
The bat moves out of view.
Found a stone staircase leading down.
Found a short sword.
Found a scroll labeled CIZXIN QEXE.
A bat is nearby!
A bat is nearby!
Casting: Sting (safe; 7% risk of failure)
Confirm with . or Enter, or press ? or * to list all spells.
Aiming: Poisonous Vapours (safe; 12% risk of failure)
Press: ? - help, Dir - move target cursor, f - bat
Aim: a bat Poisonous vapours surround the bat!
The bat is engulfed in poison gas.
The bat is poisoned.
A bat is nearby!
A goblin comes into view.
You kill the bat!
A goblin is nearby!
A goblin is nearby!
A goblin is nearby!
Casting: Poisonous Vapours (safe; 12% risk of failure)
Confirm with . or Enter, or press ? or * to list all spells.
Aiming: Poisonous Vapours (safe; 12% risk of failure)
Press: ? - help, Dir - move target cursor, f - goblin
Aim: a goblin (resting) Poisonous vapours surround the goblin!
The goblin shouts!
You are feeling hungry.
The goblin is engulfed in poison gas.
The goblin is poisoned.
You kill the goblin!
You have reached level 4!
You feel clever.
Eating one of 4 chunks of flesh.
You eat one of the 4 chunks of flesh.
This raw flesh tastes terrible.
All of the chunks of flesh in your inventory have rotted away.
You see here a robe.
c - 2 scrolls labeled CIZXIN QEXE (gained 1)
You open the door.
There is an open door here.
Found a hazy altar of Hepliaklqana.
Found a runed ring mail.
e - 4 rations (gained 1)
Found 17 arrows.
Found 20 stones.
You see here a runed ring mail.
j - a runed ring mail Wear which item? (? for menu, Esc to quit)
You start removing your armour.
You continue taking off your +0 robe. x4
You finish taking off your +0 robe.
You start putting on your armour.
You continue putting on your runed ring mail. x5
You finish putting on your cursed +0 ring mail.
Oops, that feels deathly cold.
Saving game... please wait.
Welcome back, EnegeticOcto the Human Venom Mage.
Press ? for a list of commands and other information.
There is a hazy altar of Hepliaklqana here.
You see here 17 arrows.
There is an open door here.
A quokka comes into view.
Found a scroll labeled OGOOXZ QOUWIEQE.
The quokka misses you.
Your ring mail prevents you from hitting the quokka.
The quokka bites you.
You barely miss the quokka. The quokka closely misses you.
Cast which spell? (? or * to list)
Aiming: Poisonous Vapours (safe; 34% risk of failure)
Press: ? - help, Dir - move target cursor, f - quokka
Aim: a quokka You miscast Poisonous Vapours.
You are very lightly contaminated with residual magic.
You feel a strange surge of energy! The quokka barely misses you.
The quokka closely misses you.
Casting: Poisonous Vapours (safe; 34% risk of failure)
Confirm with . or Enter, or press ? or * to list all spells.
Aiming: Poisonous Vapours (safe; 34% risk of failure)
Press: ? - help, Dir - move target cursor, f/p - quokka
Aim: a quokka Poisonous vapours surround the quokka!
The quokka is engulfed in poison gas.
The quokka is poisoned.
The quokka bites you but does no damage.
Casting: Poisonous Vapours (safe; 34% risk of failure)
Confirm with . or Enter, or press ? or * to list all spells.
Aiming: Poisonous Vapours (safe; 34% risk of failure)
Press: ? - help, Dir - move target cursor, f/p - quokka
Aim: a quokka (lightly wounded, poisoned) Poisonous vapours surround the quokka!
The quokka is engulfed in poison gas.
The quokka looks even sicker.
You kill the quokka!
Wear which item? (? for menu, Esc to quit)
You start putting on your armour.
You continue putting on your embroidered scarf. x4
You finish putting on your scarf of spirit shield.
You feel your power drawn to a protective spirit.
Blink to where?
Press: ? - help, Dir - move target cursor
As you read the scroll labeled CIZXIN QEXE, it crumbles to dust.
It was a scroll of blinking.
Are you sure you want to abandon this character and quit the game? (Confirm with "yes".)

#.#
#..........................
..###
############.####.##.####.#
#...# #..# #.##.# #.#
....##### ######'###.##)#
#.. ._......#
#..........##.# ###
...#.##.## #..........##.#
..##.##..#
#....[.....##)###
#....##..#
#...............#
#.#####..#
###@####........#
#.#####..# #.# #........#
......(..# #.# ##.......#
.........# #.# #.......#
.........# #.# #.[.....#
(........# #.# ##..#+###
.........# #.# ##.#
########## #.# #. #.#


There were no monsters in sight!

Vanquished Creatures
  An adder (D:2)
  2 worms (D:2)
  A dart slug (D:1)
  A leopard gecko (D:1)
  5 bats
  7 goblins
  4 hobgoblins
  2 kobolds
  A quokka (D:2)
  3 frilled lizards
  4 rats
31 creatures vanquished.

Notes
Turn   | Place    | Note
-------+----------+-------------------------------------------
     0 | D:1      | EnegeticOcto the Human Venom Mage began the quest for the
                  | Orb.
     0 | D:1      | Reached XP level 1. HP: 13/13 MP: 3/3
   234 | D:1      | Reached XP level 2. HP: 19/19 MP: 0/5
   396 | D:1      | Learned a level 2 spell: Poisonous Vapours
   986 | D:1      | Reached skill level 4 in Poison Magic
   986 | D:1      | Reached XP level 3. HP: 19/24 MP: 0/6
  2209 | D:2      | Reached XP level 4. HP: 30/30 MP: 2/7
  2271 | D:2      | Found a hazy altar of Hepliaklqana.
  2387 | D:2      | Quit the game

Levels and vault maps discovered:
D:1:      lightli_arrival_maybe_door_vault, layout_loops_corners,
          chequers_serial_rivers_large_b, chequers_serial_rivers_small_b,
          minivault_26
D:2:      layout_basic, nicolae_overflow_crystal_walls

Skill      XL: |  1  2 |
---------------+-------+-----
Poison Magic   | 4 |  4.6
Dodging        | |  2.0
Stealth        | |  2.0
Spellcasting   | |  2.0
Conjurations   | |  1.0

Action                   |  1- 3 |  4- 6 || total
-------------------------+-------+-------++-------
Melee: Unarmed           |    22 |       ||    22
       Spear             |    15 |     2 ||    17
 Cast: Sting             |    24 |       ||    24
       Poisonous Vapours |    28 |     2 ||    30
  Use: Scroll            |       |     1 ||     1
  Eat: Chunk             |     6 |     1 ||     7
Armor: Robe              |     8 |       ||     8
       Ring mail         |       |     1 ||     1
Dodge: Dodged            |    33 |     4 ||    37

Table legend:
 A = Non-vault XP
 B = Vault XP
 C = Vault XP percentage of total XP
 D = Non-vault monster count
 E = Vault monster count
 F = Vault count percentage of total count
                 A         B        C        D         E       F
            +---------+---------+-------+---------+---------+-------
      Total |      72 |       0 |   0.0 |      31 |       0 |   0.0
            +---------+---------+-------+---------+---------+-------
        D:1 |      33 |       0 |   0.0 |      18 |       0 |   0.0
        D:2 |      39 |       0 |   0.0 |      13 |       0 |   0.0
            +---------+---------+-------+---------+---------+-------
